[Event "GER-chW 2019"]
[Site "Magdeburg"]
[Date "2019.05.28"]
[Round "3.2"]
[White "Kopylov, Luba"]
[Black "Burchardt, Brigitte"]
[Result "0-1"]
[ECO "E09"]
[WhiteElo "2078"]
[BlackElo "2094"]
[Annotator "NA"]
[PlyCount "120"]
[EventDate "2019.05.26"]
[EventType "tourn"]
[EventCountry "GER"]
[SourceTitle "playchess.com"]
[Source "ChessBase"]
[SourceQuality "1"]
[TimeControl "40/5400+30:1800+30"]

1. d4 d5 2. c4 e6 3. g3 c6 4. Bg2 Nf6 5. Nf3 Be7 6. O-O O-O 7. Qc2 Nbd7 8. Nbd2 c5 9. dxc5 {[%emt 0:22:12] E09: Closed Catalan: Main Line: 7 Qc2 c6 8 Nbd2} Bxc5 10. a3 a5 11. cxd5 $146 ({Predecessor:} 11. Nb3 Be7 12. cxd5 Nxd5 13. Nbd4 Qc7 14. Qxc7 Nxc7 15. Bg5 Bc5 16. Nb3 Bb6 {1-0 (41) Malakhatko,V (2526)-Thompson,I (2261) Bad Homburg 2012}) 11... exd5 12. Nb3 Bb6 13. Nbd4 Nc5 14. b3 Bd7 15. Bb2 Rc8 16. Qb1 a4 17. b4 Nce4 $1 18. Qd3 Qe7 19. Nh4 g6 20. Bf3 Rc7 21. Ng2 Nd6 22. Ne3 Nc4 23. Nxc4 Rxc4 ({But not} 23... dxc4 24. Qc3 $16) 24. Bxd5 (24. Rac1 $11) 24... Rxd4 $1 25. Bxd4 Nxd5 26. Bb2 {[%emt 0:00:56] [#]} (26. Bc5 $17 Bxc5 27. Qxd5 {[%mdl 64] Double Attack}) 26... Be6 ({Black should play} 26... Nc7 $1 $19 27. Qf3 (27. Qc3 f6 $17) 27... Bc6) 27. e4 {[%emt 0:00:36] [#]} Nc7 $1 28. Rad1 Bh3 ({And not} 28... f6 29. Qd6 $14) 29. Rfe1 Qe6 30. Qc3 f6 31. Qc1 (31. Rd3 $17) 31... Nb5 32. Qf4 Bc7 $2 (32... Qb3 $19 {and Black stays clearly on top.} 33. Bxf6 {[#]} Nd4 $1 34. Rxd4 Bxd4 {[%mdl 64] Pin}) 33. Qf3 $2 (33. Qe3 $17 {was necessary.}) 33... Bg4 {[%emt 0:01:14] Skewer} 34. Qe3 Bxd1 35. Rxd1 Be5 36. Bxe5 fxe5 ({Not} 36... Qxe5 37. Rd5 $17) 37. Rd5 Nd4 38. f4 (38. Kg2 $142) 38... Qg4 39. Kg2 Ne6 40. Rxe5 Nxf4+ 41. Kh1 Nh3 42. Kg2 Rf2+ 43. Qxf2 Nxf2 44. Kxf2 Qd1 45. Re8+ Kf7 46. Rb8 Qd2+ 47. Kf3 Qd3+ 48. Kf2 Qxe4 49. h3 h5 50. h4 Qd5 51. Kg1 Ke6 52. Re8+ Kf5 53. Re3 Kg4 54. Kf2 Qa2+ 55. Kf1 Qd2 56. Re6 Qd1+ 57. Kf2 Qf3+ 58. Ke1 Qxg3+ 59. Kf1 Qd3+ 60. Kf2 Qf5+ 0-1

[Event "GER-chW 2019"]
[Site "Magdeburg"]
[Date "2019.05.28"]
[Round "3.3"]
[White "Koehler, Inken"]
[Black "Freter, Anke"]
[Result "1-0"]
[ECO "A22"]
[WhiteElo "1979"]
[BlackElo "1873"]
[Annotator "NA RC"]
[PlyCount "53"]
[EventDate "2019.05.26"]
[EventType "tourn"]
[EventCountry "GER"]
[SourceTitle "playchess.com"]
[Source "ChessBase"]
[SourceQuality "1"]
[TimeControl "40/5400+30:1800+30"]

1. c4 Nf6 2. Nc3 e5 3. g3 d5 4. cxd5 Nxd5 5. Bg2 Nxc3 6. bxc3 Bc5 7. d3 O-O 8. Nf3 Nc6 9. O-O h6 10. Bb2 {[%emt 0:08:06] A29: English Opening: Four Knights Variation with 4 g3} (10. a4 Re8 11. a5 a6 12. Nd2 Rb8 13. Ne4 Bf8 14. Qc2 Be6 15. Rd1 f5 16. Nd2 Kh8 17. Ba3 Bxa3 18. Rxa3 {½-½ (59) Galanov,S (2616)-Szczepanski,Z (2566) ICCF email 2011}) 10... Bb6 11. c4 $146 ({Predecessor:} 11. d4 e4 12. Nd2 f5 13. e3 Kh7 14. a3 Qe7 15. c4 a6 16. Qc2 Bd7 17. Rfd1 Rad8 {1-0 (40) Moazaz,D (2073)-Rabeea,S (1941) Baghdad 2017}) 11... Qe7 12. Nd2 Bd7 13. Ne4 Nd8 14. a4 c6 (14... Ba5 $14) 15. Ba3 c5 16. a5 f5 17. axb6 fxe4 18. bxa7 exd3 (18... Rxa7 $16 {is a better defense.} 19. Bxe4 Bc6 20. Bd5+ Bxd5) 19. Qxd3 Be6 20. Qe3 Qf7 21. Bxc5 Re8 22. Rfc1 Nc6 23. Qb3 Kh8 24. Qb5 Bg4 25. Bd5 Qd7 26. Rcb1 Bxe2 $18 27. Qxb7 1-0

[Event "GER-chW 2019"]
[Site "Magdeburg"]
[Date "2019.05.28"]
[Round "3.4"]
[White "Zimmer, Elke"]
[Black "Kunze, Kerstin"]
[Result "1/2-1/2"]
[ECO "B22"]
[WhiteElo "1926"]
[BlackElo "2066"]
[Annotator "NA"]
[PlyCount "80"]
[EventDate "2019.05.26"]
[EventType "tourn"]
[EventCountry "GER"]
[SourceTitle "playchess.com"]
[Source "ChessBase"]
[SourceQuality "1"]
[TimeControl "40/5400+30:1800+30"]

1. e4 c5 2. c3 Nf6 3. e5 Nd5 4. Nf3 e6 5. Na3 (5. d4 cxd4 6. cxd4 d6 7. Bc4 Nb6 8. Bd3 Nc6 9. O-O Nb4 10. Bg5 Be7 11. Bxe7 Qxe7 12. Nc3 dxe5 13. dxe5 Nxd3 14. Qxd3 Bd7 15. Ne4 O-O 16. Nd4 Rad8 17. Rad1 Bc6 18. Nxc6 bxc6 {½-½ (34) Liang,A (2590)-Caruana,F (2828) Saint Louis 2019}) 5... d6 6. Nc4 {[%emt 0:02:15] B22: Sicilian: 2 c3} dxe5 7. Ncxe5 Bd6 8. Bb5+ Nd7 9. Qa4 $146 ({Predecessor:} 9. O-O O-O 10. d4 cxd4 11. cxd4 f6 12. Nd3 a6 {½-½ (35) Travkina,A (2189)-Purgar,I (2091) Porto Carras 2010}) 9... Qc7 10. Nxd7 Bxd7 11. Bxd7+ Qxd7 12. Qxd7+ Kxd7 13. d3 h6 14. g3 Rhd8 15. Nd2 Ke8 16. Ne4 Be7 17. f3 Rd7 18. Ke2 Rad8 19. Rd1 e5 20. a3 f5 21. Nf2 Bf6 22. Be3 b6 23. c4 Nc7 24. Rab1 Ne6 25. b4 cxb4 26. axb4 g5 27. c5 bxc5 28. Bxc5 Be7 29. Rdc1 (29. g4 $11 {keeps the balance.}) 29... Bxc5 30. bxc5 Nd4+ 31. Ke3 f4+ ({Better is} 31... Ke7 $17 32. c6 Rc7) 32. Ke4 fxg3 33. hxg3 Ne2 34. c6 Nxg3+ (34... Rd4+ $1 $15 35. Ke3 Nxc1 36. Rxc1 Ke7) 35. Ke3 Nf5+ 36. Ke4 Ng3+ 37. Ke3 Nf5+ $11 38. Ke4 Ng3+ 39. Ke3 Rc7 40. Ng4 e4 {Kxe4} 1/2-1/2

[Event "GER-chW 2019"]
[Site "Magdeburg"]
[Date "2019.05.28"]
[Round "3.5"]
[White "Von Herman, Brigitte"]
[Black "Lowke, Kathrin"]
[Result "1-0"]
[ECO "B22"]
[WhiteElo "2064"]
[BlackElo "1887"]
[Annotator "NA RC"]
[PlyCount "59"]
[EventDate "2019.05.26"]
[EventType "tourn"]
[EventCountry "GER"]
[SourceTitle "playchess.com"]
[Source "ChessBase"]
[SourceQuality "1"]
[TimeControl "40/5400+30:1800+30"]

1. e4 c5 2. c3 d5 3. exd5 Qxd5 4. d4 g6 5. Nf3 cxd4 6. cxd4 Qa5+ 7. Nc3 Bg7 8. Qb3 {[%emt 0:11:41] B27: Sicilian: 2 Nf3, unusual Black 2nd moves} Nf6 9. Bc4 e6 10. O-O O-O 11. Bd2 Nc6 $146 ({Predecessor:} 11... Qf5 12. d5 exd5 13. Nxd5 Nxd5 14. Bxd5 {1-0 (26) Bellini,F (2492)-Rasovic,D (2061) Switzerland 2008}) 12. Rad1 a6 $2 (12... Qc7 $11 {and Black stays safe.}) 13. d5 exd5 (13... b5 $142) 14. Nxd5 Qc5 15. Be3 Qd6 (15... Qa5 $142 16. Bb6 Nxd5 17. Bxa5 Nxa5) 16. Bf4 Qc5 17. Nxf6+ Bxf6 18. Bd6 Qh5 (18... Qa5 $142 19. Bxf8 Kxf8 20. Bxf7 Qb4 21. Qxb4+ Nxb4) 19. Bxf8 Kxf8 20. Bxf7 Bg4 $2 (20... Qb5 21. h3 Na5) 21. Bg8 g5 22. Qxb7 Rc8 23. Bd5 Ne5 24. Nxe5 Bxe5 25. g3 Rb8 26. f3 Bh3 27. Qc6 Bxf1 (27... Qg6 $18 28. Qxg6 hxg6) 28. Qc5+ Kg7 29. Qe7+ {[%emt 0:00:12] Double Attack} Kh6 30. Qxe5 1-0

[Event "GER-chW 2019"]
[Site "Magdeburg"]
[Date "2019.05.28"]
[Round "3.6"]
[White "Schmidt, Jade"]
[Black "Perez Celis, Alba"]
[Result "1-0"]
[ECO "E81"]
[WhiteElo "2062"]
[BlackElo "1822"]
[Annotator "NA"]
[PlyCount "65"]
[EventDate "2019.05.26"]
[EventType "tourn"]
[EventCountry "GER"]
[SourceTitle "playchess.com"]
[Source "ChessBase"]
[SourceQuality "1"]
[TimeControl "40/5400+30:1800+30"]

1. d4 Nf6 2. c4 g6 3. Nc3 Bg7 4. e4 d6 5. f3 O-O 6. Bg5 c5 7. d5 e6 8. Qd2 exd5 9. cxd5 a6 10. a4 Qa5 11. Ra3 {[%emt 0:00:15] A65: Modern Benoni: 6 e4} Nbd7 12. Nge2 Ne5 13. Nc1 Re8 {[%emt 0:15:51] [#]} 14. h3 $146 ({Predecessor:} 14. Be2 c4 15. O-O Bd7 16. Be3 h6 17. N1a2 Rac8 18. Rb1 g5 19. b4 Qd8 20. b5 a5 21. b6 {1-0 (37) Erdos,V (2581)-Varga,C (2392) Balatonlelle 2009}) 14... Nh5 15. Kf2 f5 16. Be2 Rf8 17. exf5 Bxf5 18. g4 {[%emt 0:01:02] [#]} Bxg4 (18... h6 $1 $11 {[%mdl 512] keeps the balance.} 19. N3a2 (19. Bxh6 Bxh6) 19... Qc7 20. Bxh6 Bxh6 21. Qxh6 Bxg4 {[%mdl 64] Pin}) 19. hxg4 Nxg4+ 20. Kg2 Ne5 (20... Ngf6 $16 {is a better defense.} 21. Nd3 Rae8) 21. f4 h6 $2 (21... Nf7) 22. fxe5 hxg5 23. Bxh5 gxh5 24. Qxg5 Qb4 25. Nd3 (25. Qxh5 $142 Qxb2+ 26. N3e2 Qxe5 27. Qh7+ Kf7 28. Rh5 Qxh5 29. Qxh5+ Kg8 30. Rh3) 25... Qd4 26. Rh3 c4 (26... Qg4+ $142 27. Rg3 Qxg5 28. Rxg5 c4) 27. Rg3 Rf7 28. e6 Rff8 29. Ne2 Qe4+ {[%emt 0:00:10] [#]} 30. Kg1 $1 Qh7 31. Ndf4 $18 Qb1+ 32. Kh2 Qxb2 33. Rac3 1-0

[Event "GER-chW 2019"]
[Site "Magdeburg"]
[Date "2019.05.28"]
[Round "3.7"]
[White "Liu, Sijia Anna"]
[Black "Erofeev, Anastasia"]
[Result "1-0"]
[ECO "B42"]
[WhiteElo "1689"]
[BlackElo "2003"]
[Annotator "NA"]
[PlyCount "73"]
[EventDate "2019.05.26"]
[EventType "tourn"]
[EventCountry "GER"]
[SourceTitle "playchess.com"]
[Source "ChessBase"]
[SourceQuality "1"]
[TimeControl "40/5400+30:1800+30"]

1. e4 c5 2. Nf3 e6 3. d4 cxd4 4. Nxd4 a6 5. Bd3 b5 6. O-O Qc7 7. a4 b4 {[%emt 0:00:51] B42: Sicilian: Kan Variation: 5 Bd3} 8. c3 Bd6 (8... Nf6 9. Qe2 Bb7 10. Bd2 Nc6 11. Nf3 Ng4 12. h3 h5 13. Be3 Nxe3 14. Qxe3 Ne5 15. Nxe5 Qxe5 {0-1 (57) Sethuraman,S (2646)-Dzhumagaliev,Y (2400) Riadh 2017}) 9. h3 Bb7 10. Bd2 Nf6 11. Qe2 bxc3 12. Nxc3 Qb6 $146 ({Predecessor:} 12... Be5 13. Nf3 Nc6 14. Rac1 Qb6 15. Nd5 {1-0 (25) Panaiotov,J (2199)-Enchev,G Plovdiv 2009}) 13. Be3 Bc5 (13... Qd8 $16) 14. a5 Qc7 $2 (14... Qd6) 15. Na4 Ba7 16. Nb6 Bxb6 17. axb6 Qd8 18. e5 (18. Rfc1 $142) 18... Nd5 19. Qg4 g6 20. Nf3 Nxe3 21. fxe3 Nc6 (21... Qxb6 $14 22. Qf4 Bxf3) 22. Qf4 h6 $2 (22... Qxb6 23. Nd2 Kd8) 23. Nh4 (23. Nd2 $142 Qxb6 24. Nc4 (24. Qxf7+ Kd8 $18)) 23... Qe7 {[%emt 0:03:56] [#]} 24. Bxg6 $1 fxg6 $2 (24... O-O-O) 25. Nxg6 {[%emt 0:00:12] Double Attack} Qg7 26. Nxh8 Nxe5 27. Qf2 $2 ({White should play} 27. Rf2 $18) 27... Qxh8 28. Ra5 d6 $2 {[%emt 0:04:17] [#]} (28... O-O-O $11) 29. Rxe5 $1 {[%emt 0:02:09] Remove Defender} Qg8 30. Rh5 Qg7 31. Rh4 O-O-O 32. Rg4 Qe5 33. Rc1+ Kb8 34. Rc7 Bd5 35. Qe2 Rf8 36. Qxa6 Qxe3+ 37. Kh2 1-0

[Event "GER-chW 2019"]
[Site "Magdeburg"]
[Date "2019.05.28"]
[Round "3.8"]
[White "Mehling, Katharina"]
[Black "Ley, Sabrina"]
[Result "1-0"]
[ECO "B01"]
[WhiteElo "1974"]
[BlackElo "1870"]
[Annotator "NA"]
[PlyCount "135"]
[EventDate "2019.05.26"]
[EventType "tourn"]
[EventCountry "GER"]
[SourceTitle "playchess.com"]
[Source "ChessBase"]
[SourceQuality "1"]
[TimeControl "40/5400+30:1800+30"]

1. e4 d5 2. exd5 Qxd5 3. Nc3 Qd6 4. d4 Nf6 5. Nf3 a6 6. g3 g6 {[%emt 0:11:38] B01: Scandinavian Defence} 7. Bf4 Qb4 $146 ({Predecessor:} 7... Qd8 8. Bg2 Bg7 9. Qd2 O-O 10. Bh6 Nc6 11. d5 Nb4 12. O-O-O c6 13. Bxg7 Kxg7 14. dxc6 {1-0 (43) Ivanisevic,I (2630)-Milanovic,D (2502) Kragujevac 2017}) 8. a3 Qa5 9. Be5 c6 10. Bc4 b5 (10... Bg7 $11) 11. Ba2 Bg7 {[%emt 0:04:08] [#]} 12. Qd2 (12. Bxb8 $1 $16 Rxb8 13. Ne5 {[%mdl 64] Double Attack}) 12... O-O 13. Qf4 Qb6 14. Ng5 (14. h4 $14) 14... Bf5 15. O-O-O a5 16. f3 b4 17. Nb1 h6 (17... Nd5 $17 18. Bxd5 cxd5 19. Bxg7 Kxg7 20. Qe5+ Qf6) 18. Ne4 (18. Nxf7 $11 {keeps the balance.} Rxf7 19. Bxf6 Bxf6 20. Qxh6) 18... Nbd7 (18... Bxe4 $5 19. fxe4 Nbd7 $11) 19. g4 $2 ({White must play} 19. Nxf6+ $1 $11 Nxf6 20. g4) 19... Bxe4 (19... Nxe5 $19 20. dxe5 Nxe4 21. fxe4 Bc8) 20. fxe4 Nxe5 21. dxe5 Ne8 22. Rhf1 e6 23. Rd7 (23. a4 $17 {keeps fighting.}) 23... Ra7 24. Bxe6 Rxd7 25. Bxd7 {[%emt 0:00:10] [#]} Nc7 $1 26. axb4 axb4 27. Nd2 $2 (27. h4) 27... Nb5 $2 (27... Qd4 $19 28. Be8 Nxe8) 28. Qf2 $2 {[#]} (28. e6 $17 {was called for.} fxe6 {[%mdl 64] Discovered Attack} 29. Bxe6+ Kh7 30. Bf7) 28... Qxf2 $2 (28... Qa6 $1 $19 29. Nc4 Nc3) 29. Rxf2 Bxe5 30. Bxc6 Nd4 31. Bd5 Nb5 ({Black should play} 31... Bf4 $14) 32. Nc4 Bg7 33. Na5 Nd6 (33... Nd4 $16 {was necessary.} 34. Nb7 Ne6) 34. Rf3 Be5 35. h3 Nb5 36. Nc6 Bd6 37. Bc4 Nc7 38. Rf6 Ne8 39. Rf3 Bc5 40. e5 Nc7 41. Rxf7 Rxf7 42. Nd8 Kg7 43. Nxf7 Na8 44. Nd8 Be3+ 45. Kd1 Nb6 46. Bb3 Kf8 47. Nc6 Bc5 48. Ke2 Ke8 49. e6 Na8 (49... Bf8 {was called for.} 50. Kd3 Bg7 51. Nxb4 Bxb2) 50. Kd3 Nb6 51. Ke4 Bd6 52. Ne5 g5 53. Nc6 Kf8 54. c3 bxc3 55. bxc3 Nc8 56. Ne5 Kg7 57. Nd7 Ne7 58. c4 Bc7 $18 59. c5 Kg6 60. Kd4 Kg7 61. Kc4 Nc6 62. Bc2 Ne5+ 63. Nxe5 Bxe5 64. Kd5 Bf6 65. Kd6 Kf8 66. Kd7 Be7 67. c6 h5 68. c7 1-0

[Event "GER-chW 2019"]
[Site "Magdeburg"]
[Date "2019.05.28"]
[Round "3.9"]
[White "Ries, Jutta"]
[Black "Just, Anita"]
[Result "0-1"]
[ECO "A02"]
[WhiteElo "2017"]
[BlackElo "1866"]
[Annotator "NA"]
[PlyCount "166"]
[EventDate "2019.05.26"]
[EventType "tourn"]
[EventCountry "GER"]
[SourceTitle "playchess.com"]
[Source "ChessBase"]
[SourceQuality "1"]
[TimeControl "40/5400+30:1800+30"]

1. f4 f5 2. b3 b6 3. Bb2 Bb7 4. e3 Nf6 5. Bxf6 exf6 6. Nf3 {[%emt 0:00:15] A02: Bird's Opening} Nc6 $146 ({Predecessor:} 6... Na6 7. a4 Nc5 8. a5 g6 9. a6 Bd5 10. Nc3 Bf7 11. Bc4 Ne6 12. O-O {0-1 (80) Rapport,R (2713)-Laznicka,V (2675) Novy Bor 2014}) 7. Nc3 d5 8. Bd3 Qd7 9. Nd4 Nxd4 10. exd4 Bd6 11. Qf3 O-O 12. O-O c5 13. Bb5 Qf7 14. Kh1 cxd4 (14... g6 $17) 15. Ne2 Bc5 16. a3 a5 17. Rfe1 Rac8 18. Qd3 g6 19. b4 axb4 20. axb4 Bxb4 21. Nxd4 Ra8 22. Rab1 Bc5 23. Ne6 Rfc8 24. Nxc5 (24. h4 $11) 24... bxc5 25. Qe2 Bc6 26. Bxc6 Rxc6 27. Qb5 Rac8 28. g3 d4 29. Re2 R6c7 30. Rbe1 Kg7 31. Re6 Ra7 (31... Rb7 $5 32. Qa6 Rbc7 $15) 32. Qb6 Qb7+ 33. Kg1 Qxb6 34. Rxb6 Rcc7 35. Reb1 Ra2 36. R6b2 Rxb2 37. Rxb2 Kf7 38. Kf2 Ke6 39. Rb6+ (39. Ke2 $11) 39... Kd5 40. d3 Ra7 41. Ke2 Ra2 42. Kd2 Ra1 43. Rb7 h5 44. Rd7+ Ke6 45. Rg7 Rh1 46. h4 Rh2+ 47. Kd1 Rg2 48. Rxg6 Kf7 49. Rh6 Rxg3 50. Rxh5 Kg6 51. Rh8 Rh3 52. Rc8 ({White should play} 52. Ke2 $11) 52... Rxh4 53. Rxc5 Rxf4 54. Rd5 (54. Ke2 $11 {keeps the balance.}) 54... Kg5 55. Ke2 Kg4 56. Rd6 {[%emt 0:01:35] [#]} Kg3 $1 57. Rxf6 Rf2+ 58. Ke1 f4 59. Rg6+ Kf3 60. Rd6 Rxc2 61. Rxd4 Re2+ 62. Kd1 Rh2 63. Ke1 $1 Rh1+ 64. Kd2 Kg3 65. Rd8 Kf2 66. Rg8 Ra1 67. d4 f3 68. d5 Ra2+ 69. Kd1 Ra4 70. Rg5 $2 (70. Kc2 $11) 70... Rd4+ 71. Kc2 Ke3 72. Kc3 Rd1 73. Kc2 Ra1 74. d6 f2 75. d7 f1=Q 76. Re5+ Kf4 77. d8=Q Qc1+ 78. Kb3 Rb1+ 79. Ka4 Qc4+ 80. Ka5 Ra1+ 81. Kb6 Ra6+ 82. Kb7 Qc6+ 83. Kb8 Ra8# 0-1

[Event "GER-chW 2019"]
[Site "Magdeburg"]
[Date "2019.05.28"]
[Round "3.10"]
[White "Braun, Kristin"]
[Black "Bashylina, Luisa"]
[Result "1-0"]
[ECO "B28"]
[WhiteElo "1895"]
[BlackElo "1812"]
[Annotator "NA"]
[PlyCount "103"]
[EventDate "2019.05.26"]
[EventType "tourn"]
[EventCountry "GER"]
[SourceTitle "playchess.com"]
[Source "ChessBase"]
[SourceQuality "1"]
[TimeControl "40/5400+30:1800+30"]

1. e4 c5 2. Nf3 a6 3. c4 Nc6 4. d4 cxd4 5. Nxd4 e5 6. Nf5 d6 {[%emt 0:05:30] B28: Sicilian: 2 Nf3 a6 (O'Kelly Variation)} 7. Ne3 (7. Nc3 g6 8. Ne3 Bh6 9. g3 Nf6 10. Bg2 O-O 11. O-O b5 12. f4 exf4 13. gxf4 Bb7 14. e5 dxe5 15. fxe5 {1-0 (40) Salem,A (2638)-Rapport,R (2694) Geneva 2017}) 7... Nf6 8. Nc3 Be6 9. Be2 Be7 10. O-O O-O 11. Ned5 Bxd5 12. cxd5 Nb8 13. Be3 b5 $146 ({Predecessor:} 13... Nbd7 14. Rc1 {1-0 (56) Aakanksha,H (2283)-Filipovic,B (2413) Sarajevo 2017}) 14. b4 Nbd7 15. a4 a5 16. f3 bxa4 17. b5 Nb6 18. Nxa4 Nfd7 (18... Nxa4 $16 19. Rxa4 (19. Qxa4 Nd7 $16) 19... Nd7) 19. Qd2 Nxa4 20. Rxa4 f5 21. Rb1 f4 22. Bf2 Bh4 23. Bxh4 Qxh4 24. Rxa5 Rab8 25. Qe1 Qh5 26. Qf2 Rf6 27. b6 Nc5 28. Ra7 Rh6 {[%emt 0:02:56] [#]} 29. h3 $1 Qg6 (29... Rf6 $142 30. b7 h6) 30. Kf1 Nxe4 $2 (30... Qg3 31. Qxg3 fxg3) 31. fxe4 Qxe4 32. Rc1 Qb4 33. Ba6 f3 34. gxf3 ({Weaker is} 34. Qxf3 Rf6 $11) 34... Qf4 35. Rcc7 $18 (35. Rc4 $142 e4 36. Bc8) 35... Rg6 36. b7 Qa4 37. Rc8+ Kf7 38. Be2 Qb3 39. Rc7+ Kg8 40. Rc8+ Kf7 41. Rc7+ Kg8 42. Ra1 e4 43. Rc8+ Kf7 44. Rxb8 Rf6 45. Rba8 exf3 46. Bd1 Qd3+ 47. Kg1 Rg6+ 48. Kh1 Rg3 49. Rf8+ Ke7 50. Qe1+ Kxf8 51. b8=Q+ Kf7 52. Qe6# 1-0

[Event "GER-chW 2019"]
[Site "Magdeburg"]
[Date "2019.05.28"]
[Round "4.1"]
[White "Michna, Marta"]
[Black "Koehler, Inken"]
[Result "1-0"]
[ECO "A04"]
[WhiteElo "2355"]
[BlackElo "1979"]
[Annotator "ChessBase"]
[PlyCount "85"]
[EventDate "2019.05.26"]
[EventType "tourn"]
[EventCountry "GER"]
[SourceTitle "playchess.com"]
[Source "ChessBase"]
[SourceQuality "1"]
[TimeControl "40/5400+30:1800+30"]

1. Nf3 g6 2. d3 Bg7 3. e4 d6 4. c3 c5 5. Be2 Nc6 6. O-O e5 7. Be3 Nge7 8. a4 O-O 9. Qd2 f5 10. Bh6 f4 11. Bxg7 Kxg7 12. h3 Ng8 13. d4 Nf6 14. dxe5 dxe5 15. Qxd8 Rxd8 16. Nbd2 Be6 17. a5 a6 18. Rfe1 Rd6 19. Bc4 Rad8 20. Bxe6 Rxe6 21. Nb3 Nd7 22. Nfd2 Kf6 23. Nc4 Ke7 24. Red1 Na7 25. Rd5 Rc8 26. Rad1 Nf6 27. Rxe5 Rxe5 28. Nxe5 Ke6 29. Nc4 Nb5 30. f3 g5 31. Nb6 Rc6 32. Na4 c4 33. Nbc5+ Ke7 34. e5 Ne8 35. Rd7+ Kf8 36. Rxh7 Ng7 37. Rh8+ Kf7 38. Rb8 Ne6 39. Rxb7+ Kg6 40. Rb6 Nd8 41. Nxa6 Kf5 42. N6c5 Kxe5 43. Rxb5 1-0

[Event "GER-chW 2019"]
[Site "Magdeburg"]
[Date "2019.05.28"]
[Round "4.2"]
[White "Burchardt, Brigitte"]
[Black "Schulze, Lara"]
[Result "0-1"]
[ECO "C07"]
[WhiteElo "2094"]
[BlackElo "2160"]
[Annotator "ChessBase"]
[PlyCount "86"]
[EventDate "2019.05.26"]
[EventType "tourn"]
[EventCountry "GER"]
[SourceTitle "playchess.com"]
[Source "ChessBase"]
[SourceQuality "1"]
[TimeControl "40/5400+30:1800+30"]

1. e4 e6 2. d4 d5 3. Nd2 c5 4. exd5 Qxd5 5. Ngf3 cxd4 6. Bc4 Qd7 7. O-O Nc6 8. Nb3 a6 9. Nbxd4 Nxd4 10. Qxd4 Qxd4 11. Nxd4 Nf6 12. h3 Bc5 13. Nb3 Be7 14. a4 b6 15. Be3 Nd7 16. Rfd1 Bb7 17. Rd2 Rc8 18. Be2 Nc5 19. Nxc5 Bxc5 20. Bxc5 Rxc5 21. c3 Ke7 22. Rad1 Bc6 23. Rd4 a5 24. Kh2 e5 25. Rg4 g6 26. Re1 f6 27. Rg3 Bxa4 28. b4 axb4 29. cxb4 Rd5 30. Rc3 Kd6 31. Ra1 Bd7 32. Ra7 Rc8 33. Rxc8 Bxc8 34. Rf7 Rd2 35. Bb5 Rxf2 36. Rxh7 e4 37. Kg3 e3 38. Rh8 Bb7 39. Rd8+ Ke5 40. Re8+ Kd4 41. h4 Rxg2+ 42. Kh3 Rb2 43. h5 gxh5 0-1

[Event "GER-chW 2019"]
[Site "Magdeburg"]
[Date "2019.05.28"]
[Round "4.3"]
[White "Schmidt, Jade"]
[Black "Kopylov, Luba"]
[Result "1-0"]
[ECO "A50"]
[WhiteElo "2062"]
[BlackElo "2078"]
[Annotator "NA"]
[PlyCount "114"]
[EventDate "2019.05.26"]
[EventType "tourn"]
[EventCountry "GER"]
[SourceTitle "playchess.com"]
[Source "ChessBase"]
[SourceQuality "1"]
[TimeControl "40/5400+30:1800+30"]

1. d4 Nf6 2. c4 Nc6 3. Nf3 e6 4. a3 d5 5. cxd5 exd5 6. Bg5 {[%emt 0:02:18] E10: Blumenfeld Gambit} Be7 7. Nc3 Ne4 8. Bxe7 Nxe7 9. Rc1 c6 10. e3 Nxc3 $146 ({Predecessor:} 10... Bf5 11. Be2 O-O 12. O-O Ng6 13. b4 Qe7 {½-½ (41) Gentes,K (2298)-Orlov,G (2512) Vancouver 2001}) 11. Rxc3 a5 12. Bd3 Bf5 13. O-O a4 14. Ne5 O-O 15. Qc2 Qc8 16. Bxf5 Qxf5 17. Qxf5 Nxf5 18. Nd3 Nd6 19. Nc5 Nc4 20. Rc2 b6 21. Nd3 Rfe8 22. Nb4 Rac8 23. Na2 c5 24. Rd1 g6 25. g3 Red8 26. Nc3 cxd4 27. Rxd4 Ne5 28. Kg2 b5 29. Re2 Rxc3 30. bxc3 Nc4 31. Ra2 f5 32. Kf1 Kf7 33. Ke2 Ke6 34. g4 Rc8 35. gxf5+ gxf5 36. Rh4 Ne5 37. Rh6+ Kf7 38. Rxh7+ Kg6 39. Rb7 Rc5 40. f4 Ng4 41. h3 Nf6 42. Kd3 Ne4 43. Rg2+ Kh6 44. Rb6+ Kh7 45. Rc2 Kg7 46. h4 Nf6 47. Rb2 Ne4 48. R2xb5 Rxc3+ 49. Kd4 Rxa3 50. Rxd5 Nf6 51. Rxf5 Ne8 52. Ra5 Ra1 53. Ra7+ Kf8 54. Rb8 Rd1+ 55. Ke5 a3 56. Rxa3 Rd7 57. Raa8 Re7+ {[%emt 0:00:00] Ke4} 1-0

[Event "GER-chW 2019"]
[Site "Magdeburg"]
[Date "2019.05.28"]
[Round "4.4"]
[White "Von Herman, Brigitte"]
[Black "Liu, Sijia Anna"]
[Result "0-1"]
[ECO "B22"]
[WhiteElo "2064"]
[BlackElo "1689"]
[Annotator "NA"]
[PlyCount "46"]
[EventDate "2019.05.26"]
[EventType "tourn"]
[EventCountry "GER"]
[SourceTitle "playchess.com"]
[Source "ChessBase"]
[SourceQuality "1"]
[TimeControl "40/5400+30:1800+30"]

1. e4 c5 2. c3 d5 3. exd5 Qxd5 4. d4 Nc6 5. Nf3 cxd4 6. cxd4 e5 7. Nc3 Bb4 8. Bd2 Bxc3 9. Bxc3 e4 10. Nd2 Nf6 11. Bc4 Qg5 12. Qb3 O-O 13. d5 e3 14. Bxf6 exd2+ 15. Kf1 Qxf6 16. dxc6 bxc6 17. Rd1 Rd8 18. Qc3 Qd6 19. Ke2 Re8+ 20. Kf1 Be6 21. b3 Rad8 22. h4 Bxc4+ 23. Qxc4 Re1+ 0-1

[Event "GER-chW 2019"]
[Site "Magdeburg"]
[Date "2019.05.28"]
[Round "4.5"]
[White "Kunze, Kerstin"]
[Black "Just, Anita"]
[Result "1-0"]
[ECO "C00"]
[WhiteElo "2066"]
[BlackElo "1866"]
[Annotator "NA"]
[PlyCount "65"]
[EventDate "2019.05.26"]
[EventType "tourn"]
[EventCountry "GER"]
[SourceTitle "playchess.com"]
[Source "ChessBase"]
[SourceQuality "1"]
[TimeControl "40/5400+30:1800+30"]

1. e4 e6 2. Qe2 c5 3. g3 b6 4. Bg2 Bb7 5. f4 Nc6 6. Nf3 Qc7 7. d3 Nf6 8. c3 O-O-O 9. Na3 d5 10. e5 Nd7 11. Nb5 Qb8 12. Ng5 a6 13. Nxf7 axb5 14. Nxh8 Be7 15. Nf7 Rf8 16. Nd6+ Bxd6 17. exd6 Qxd6 18. O-O Nf6 19. Bd2 h5 20. Rae1 Re8 21. Bh3 Nd8 22. Bg2 h4 23. g4 h3 24. Bxh3 Rh8 25. Bg2 g5 26. h3 Nd7 27. d4 gxf4 28. Bxf4 Qc6 29. Bg3 Rh7 30. h4 Nf7 31. Qxe6 Qxe6 32. Rxe6 Nh6 33. Re8# 1-0

[Event "GER-chW 2019"]
[Site "Magdeburg"]
[Date "2019.05.28"]
[Round "4.6"]
[White "Freter, Anke"]
[Black "Mehling, Katharina"]
[Result "0-1"]
[ECO "C02"]
[WhiteElo "1873"]
[BlackElo "1974"]
[Annotator "NA"]
[PlyCount "66"]
[EventDate "2019.05.26"]
[EventType "tourn"]
[EventCountry "GER"]
[SourceTitle "playchess.com"]
[Source "ChessBase"]
[SourceQuality "1"]
[TimeControl "40/5400+30:1800+30"]

1. e4 e6 2. d4 d5 3. e5 c5 4. c3 Nc6 5. Nf3 Bd7 6. Be2 Nge7 7. O-O Ng6 8. a3 cxd4 9. cxd4 Be7 10. Nc3 O-O 11. b4 f6 12. b5 Na5 13. Bd3 Qe8 14. a4 Rc8 15. Ne2 fxe5 16. dxe5 Nc4 17. Bxc4 Rxc4 18. Ng3 a6 19. bxa6 Bxa4 20. Qd2 bxa6 21. Ng5 Bb4 22. Qa2 Bb5 23. Rd1 Qc6 24. Qb1 Ba4 25. Rf1 Bc2 26. Qa2 a5 27. Bb2 Nf4 28. f3 h6 29. Nh3 Nxh3+ 30. gxh3 Qb6+ 31. Kg2 Qe3 32. Rac1 Bd3 33. Rfd1 Qxf3+ 0-1